AoeStats
← 八贤王

Arena

503828259Analyzed
4v4 RM · 1mo ago on Sep 2, 2026· 60m 33s· 8 players
Game mode
Random Map
Map size
Large (8 player)
Population
200
Speed
Normal
Resources
Standard
Victory
Conquest
Starting age
Dark Age
Ending age
Imperial Age
RankedLock teamsTeams togetherTeam positionsShared explorationLock speedFull tech treeHidden civsTurbo modeCheats
Victory
Defeat
🇭🇰 Gurjaras · Hong Kong SAR China
915
+14
🇭🇰 Shu · Hong Kong SAR China
915
+14
🇲🇾 Mongols · Malaysia
836
+18
🇹🇷 Turks · Türkiye
828
+18
🇨🇳 Italians · China
932
-19
🇨🇳 Chinese · China
884
-17
🇨🇳 Burgundians · China
866
-16
🇨🇳 Khmer · China
846
-15
倒悬山二掌柜
0:40 Loom
12:03 Feudal Age
15:19 Double-Bit Axe
21:12 Castle Age
20:30 Scale Barding Armor
23:38 Chain Barding Armor
23:54 Bloodlines
24:10 Horse Collar
24:54 Tusk Swords
26:56 Heavy Plow
30:00 Forging
30:25 Stone Mining
35:44 Imperial Age
34:02 Husbandry
34:17 Bow Saw
34:02 Gold Mining
35:32 Wheelbarrow
35:44 Ballistics
35:42 Masonry
36:51 Conscription
37:40 Chemistry
36:37 Elite Ballista Elephant
37:43 Fortified Wall
38:10 Architecture
39:06 Hoardings
39:12 Hand Cart
39:19 Double Crossbow
42:12 Stone Shaft Mining
42:14 Gold Shaft Mining
八贤王
0:37 Loom
11:15 Feudal Age
16:00 Horse Collar
16:08 Double-Bit Axe
16:21 Gold Mining
20:09 Gold Shaft Mining
19:25 Stone Mining
19:49 Bow Saw
24:52 Scale Mail Armor
25:03 Forging
刚买游戏的萌新
0:32 Loom
10:18 Feudal Age
10:46 Double-Bit Axe
10:43 Horse Collar
12:27 Gold Mining
20:20 Castle Age
19:20 Stone Mining
23:13 Bow Saw
23:04 Heavy Plow
24:23 Stone Shaft Mining
24:31 Wheelbarrow
25:11 Gold Shaft Mining
Mitsui
10:07 Feudal Age
13:50 Castle Age
12:31 Double-Bit Axe
14:57 Bow Saw
14:55 Horse Collar
15:49 Loom
23:14 Bow Saw
28:43 Imperial Age
26:25 Squires
27:18 Scale Mail Armor
27:17 Stone Mining
27:20 Gold Mining
27:32 Arson
28:46 Ballistics
28:50 Fletching
30:08 Heavy Plow
30:32 Bodkin Arrow
33:32 Conscription
34:08 Chain Mail Armor
33:54 Murder Holes
33:33 Elite Genoese Crossbowman
35:20 Plate Mail Armor
37:12 Town Watch
38:07 Wheelbarrow
40:59 Hand Cart
40:47 Bracer
42:18 Chemistry
42:38 Padded Archer Armor
44:59 Bloodlines
44:51 Husbandry
45:58 Light Cavalry
Blues_1111
0:35 Loom
13:23 Feudal Age
18:17 Castle Age
16:31 Horse Collar
16:39 Double-Bit Axe
19:13 Bow Saw
19:05 Heavy Plow
22:01 Fletching
22:07 Gold Mining
23:57 Wheelbarrow
24:40 Stone Mining
25:33 Ballistics
24:39 Elite Skirmisher
29:12 Fortified Wall
30:32 Bodkin Arrow
31:25 Padded Archer Armor
34:38 Imperial Age
32:25 Hand Cart
32:59 Guard Tower
36:15 Conscription
39:28 Bracer
39:31 Man-at-Arms
40:11 Squires
40:41 Leather Archer Armor
40:29 Murder Holes
40:50 Long Swordsman
40:59 Capped Ram
42:05 Drill
42:22 Hoardings
43:19 Siege Ram
45:24 Scale Mail Armor
46:54 Chain Mail Armor
56:51 Pikeman
Boy♂Next♂Door
7:58 Loom
10:42 Feudal Age
11:35 Horse Collar
11:43 Double-Bit Axe
14:01 Wheelbarrow
20:35 Castle Age
18:44 Stone Mining
22:03 Bow Saw
22:14 Heavy Plow
23:33 Scale Barding Armor
26:08 Hand Cart
27:06 Gold Mining
28:27 Kshatriyas
28:56 Bloodlines
30:30 Husbandry
30:54 Chain Barding Armor
30:46 Forging
34:05 Iron Casting
35:18 Gold Shaft Mining
39:32 Imperial Age
40:37 Conscription
39:51 Heavy Camel Rider
43:55 Plate Barding Armor
onur.gunes
2:23 Loom
11:03 Feudal Age
11:50 Double-Bit Axe
16:30 Castle Age
14:18 Horse Collar
20:04 Bow Saw
21:23 Wheelbarrow
21:30 Heavy Plow
26:33 Hand Cart
27:47 Gold Mining
28:36 Thumb Ring
28:57 Ballistics
28:41 Padded Archer Armor
28:34 Fletching
28:48 Town Watch
33:44 Imperial Age
33:52 Bodkin Arrow
34:12 Leather Archer Armor
35:19 Treadmill Crane
36:10 Husbandry
36:23 Bloodlines
36:57 Conscription
36:12 Heavy Cavalry Archer
37:18 Parthian Tactics
37:55 Gold Shaft Mining
37:47 Town Patrol
42:42 Sipahi
42:24 Artillery
42:49 Sipahi
為你送上命定之死
1:25 Loom
1:51 Loom
10:33 Feudal Age
11:00 Double-Bit Axe
14:25 Padded Archer Armor
14:19 Horse Collar
24:22 Castle Age
25:17 Bow Saw
25:09 Heavy Plow
24:37 Crossbowman
26:51 Thumb Ring
28:30 Gold Mining
42:42 Imperial Age
40:07 Fletching
40:32 Leather Archer Armor
41:51 Gold Shaft Mining
41:08 Stone Mining
43:52 Imperial Age
41:20 Heated Shot
42:02 Ballistics
41:34 Heated Shot
45:56 Arbalester
56:33 Capped Ram
56:36 Onager
Connection lost

Rejoining the realm…

Still unreachable

The connection could not be restored.

Session expired

The server has moved on; the page needs a fresh start.